 Dungeon Crawl Stone Soup version 0.27.1-1-g398f81649c (webtiles) character file.

Game seed: 16356827554594678202

65 pokedragonboy the Changer (level 4, 0/33 HPs)
             Began as a Merfolk Transmuter on Sept 15, 2021.
             Slain by a ball python (1 damage)
             ... on level 2 of the Dungeon.
             The game lasted 00:02:49 (2338 turns).

pokedragonboy the Changer (Merfolk Transmuter)      Turns: 2338, Time: 00:02:49

Health: 0/33       AC:  2    Str: 10    XL:     4   Next: 13%
Magic:  7/7        EV:  9    Int: 13    God:
Gold:   86         SH:  0    Dex: 14    Spells: 4/7 levels left

rFire    + . .     SeeInvis +   j - +1 club (spect)
rCold    + . .     Faith    .   (no shield)
rNeg     . . .     Spirit   .   a - +0 robe
rPois    +         Reflect  .   (helmet currently unavailable)
rElec    +         Harm     .   (no cloak)
rCorr    +         Rampage  .   (no gloves)
Will     .....                  (boots currently unavailable)
Stlth    +.........             (no amulet)
HPRegen  0.11/turn              f - ring of see invisible
MPRegen  0.10/turn              (no ring)

@: lethally poisoned (0 -> -5), appendages (expiring), resistant, constricted
A: horns 2, (nimble swimmer 2), mertail
a: End Transformation


You were on level 2 of the Dungeon.
You had temporarily grown beastly horns.
You visited 1 branch of the dungeon, and saw 2 of its levels.

You collected 86 gold pieces.

Inventory:

Hand Weapons
 j - a +1 spectral club (weapon)
Armour
 a - a +0 robe (worn)
 g - a +1 helmet (melded)
Jewellery
 f - a ring of see invisible (left hand)
Scrolls
 e - a scroll of teleportation {unknown}
 h - a scroll of vulnerability {unknown}
Potions
 i - a potion of lignification {unknown}


   Skills:
 + Level 2.1 Fighting
 - Level 2.6 Dodging
 + Level 3.7 Unarmed Combat
 + Level 2.4 Spellcasting
 * Level 4.1 Transmutations


You had 4 spell levels left.
You knew the following spells:

 Your Spells              Type           Power      Damage    Failure   Level
a - Beastly Appendage     Tmut           24%        N/A       4%          1
b - Wereblood             Tmut           12%        N/A       7%          2

Your spell library contained the following spells:

 Spells                   Type           Power      Damage    Failure   Level
 Spider Form              Tmut/Pois      3%         N/A       30%         3
 Ice Form                 Ice/Tmut       7%         N/A       71%         4


Dungeon Overview and Level Annotations

Branches:
Dungeon (2/15)

Altars:


Innate Abilities, Weirdness & Mutations

You have temporarily grown beastly horns.
((You are quick and stealthy near water. (Stealth+, EV+, Speed+++)))
Your lower body shifts to a powerful aquatic tail in water.


Message History

The ball python bites you but does no damage.
The ball python constricts you. The adder bites you.
* * * LOW HITPOINT WARNING * * *
The ball python barely misses you. The ball python constricts you.
It was a potion of curing.
You feel better. The adder bites you.
You are poisoned.
The adder poisons you! The ball python closely misses you.
The ball python constricts you. The adder barely misses you.
You feel better. The ball python misses you. The ball python constricts you.
The adder bites you.
You are poisoned.
The adder poisons you!
You miss the adder.
You headbutt the adder, but do no damage.
The adder is moderately wounded.
Your transformation is almost over.
You feel sick. The ball python barely misses you.
The ball python constricts you. The adder bites you. The ball python bites you.
* * * LOW HITPOINT WARNING * * *
The ball python constricts you. The adder bites you but does no damage.
You completely miss the adder. Your headbutt misses the adder.
The adder is moderately wounded.
You feel sick. The ball python bites you.
* * * LOW HITPOINT WARNING * * *
The ball python constricts you. The adder bites you but does no damage.
The ball python bites you but does no damage.
The ball python constricts you.
You barely miss the adder.
The adder is moderately wounded.
You feel sick. The adder barely misses you.
The ball python bites you but does no damage.
The ball python constricts you. The adder bites you.
* * * LOW HITPOINT WARNING * * *
You are more poisoned.
The adder poisons you!
It was a potion of resistance.
You feel protected.
* * * LOW HITPOINT WARNING * * *
You feel sick. The ball python bites you.
You die...

#_ ####. ## #.. ..#
#.# #.# ##.# #.#
..# #.# #.# #>#
#S#####.#
#.@S....###########
####...............
####.###########
#.# #.# #.# ..# ###


You could see an adder and a ball python.

Vanquished Creatures
  Jessica (D:2)
  An adder (D:2)
  3 dart slugs
  2 ball pythons
  2 bats (D:1)
  A giant cockroach (D:1)
  3 goblins
  3 hobgoblins
  2 quokkas
  A frilled lizard (D:2)
  5 kobolds
24 creatures vanquished.

Notes
Turn   | Place    | Note
-------+----------+-------------------------------------------
     0 | D:1      | pokedragonboy the Merfolk Transmuter began the quest for
                  | the Orb.
     0 | D:1      | Reached XP level 1. HP: 15/15 MP: 3/3
   230 | D:1      | Reached skill level 3 in Transmutations
   255 | D:1      | Reached XP level 2. HP: 9/21 MP: 3/5
   270 | D:1      | Learned a level 2 spell: Wereblood
   554 | D:1      | You fall into a shaft and drop 1 floor!
  1429 | D:2      | Found a faded altar of an unknown god.
  1562 | D:2      | Reached XP level 3. HP: 21/26 MP: 4/6
  1870 | D:2      | Noticed Jessica
  1882 | D:2      | Killed Jessica
  1883 | D:2      | Reached skill level 4 in Transmutations
  2120 | D:2      | Reached XP level 4. HP: 28/33 MP: 5/7
  2338 | D:2      | HP: 1/33 [poisoned by an adder]
  2338 | D:2      | Slain by a ball python

Illustrated notes

Levels and vault maps discovered:
D:1:      nzn_arrival_crosshair, layout_loops_ring, minmay_pentomino_p2
D:2:      layout_loops_ring, basic_ecumenical_altar, uniq_jessica

Skill      XL: |  1  2  3 |
---------------+----------+-----
Transmutations | 3 4 |  4.1
Fighting       | 2 |  2.1
Dodging        | |  2.6
Unarmed Combat | |  3.7
Spellcasting   | |  2.4

Action                   |  1- 3 |  4- 6 || total
-------------------------+-------+-------++-------
Melee: Unarmed           |     6 |       ||     6
       Club              |    62 |     9 ||    71
       Headbutt          |    12 |     1 ||    13
       Punch             |     1 |       ||     1
 Cast: Beastly Appendage |    20 |     2 ||    22
  Use: Potion            |       |     3 ||     3
 Stab: Sleeping          |     1 |       ||     1
Armor: Robe              |     9 |     5 ||    14
Dodge: Dodged            |    40 |    14 ||    54
